TOP OF THE 1ST |
Phoenix Hotspur Youth batting - Pitching for Richland Rails : RHP Barney Starr
|
Pitching: RHP Barney Starr
|
|
Batting: RHB Enrico Sánchez
|
0-0: Foul Ball, location: 2F 0-1: Ball 1-1: Foul Ball, location: 2F 1-2: Ball 2-2: Ball 3-2: Ground out 3-1 (Groundball, 34)
|
Batting: LHB António Escalante
|
0-0: Ball 1-0: Swinging Strike 1-1: SINGLE (Flyball, 89S)
|
Batting: RHB Solomon Norment
|
0-0: Foul Ball, location: 2F 0-1: Ball 1-1: Ball 2-1: Swinging Strike 2-2: Fly out, F9 (Flyball, 9LSF)
|
Batting: LHB Corey Ferguson
|
0-0: Ball 1-0: SINGLE (Line Drive, 89M) António Escalante to second
|
Batting: RHB Carl Tucker
|
0-0: Called Strike 0-1: Fly out, F9 (Flyball, 9S)
|
Top of the 1st over - 0 runs, 2 hits, 0 errors, 2 left on base; Phoenix Hotspur 0 - Richland 0 |
BOTTOM OF THE 1ST |
Richland Rails batting - Pitching for Phoenix Hotspur Youth : RHP Alberto Solís
|
Pitching: RHP Alberto Solís
|
|
Batting: RHB Christian Gentry
|
0-0: Called Strike 0-1: Called Strike 0-2: Foul Ball, location: 2F 0-2: Foul Ball, location: 2F 0-2: Ball 1-2: Ball 2-2: Ball 3-2: Foul Ball, location: 2F 3-2: Ground out 6-3 (Groundball, 6)
|
Batting: LHB Alistair Mix
|
0-0: Ball 1-0: Swinging Strike 1-1: Ball 2-1: Swinging Strike 2-2: Strikes out looking
|
Batting: RHB Alexandre Keeping
|
0-0: Swinging Strike 0-1: Ball 1-1: DOUBLE (Line Drive, 7LM)
|
Batting: RHB Scott Ramsey
|
0-0: Called Strike 0-1: DOUBLE (Line Drive, 78M) Alexandre Keeping scores
|
Batting: SHB Jorge Colón
|
0-0: Ball 1-0: Ball 2-0: Called Strike 2-1: Called Strike 2-2: Ball 3-2: Fly out, F6 (Line Drive, 6M)
|
Bottom of the 1st over - 1 run, 2 hits, 0 errors, 1 left on base; Phoenix Hotspur 0 - Richland 1 |
TOP OF THE 2ND |
Phoenix Hotspur Youth batting - Pitching for Richland Rails : RHP Barney Starr
|
Batting: RHB Bernardo Rivera
|
0-0: Called Strike 0-1: Fly out, F8 (Line Drive, 8LD)
|
Batting: RHB Germán Alfaro
|
0-0: Called Strike 0-1: Ball 1-1: Foul Ball, location: 2F 1-2: Ground out 6-3 (Groundball, 6)
|
Batting: LHB Kenny Scott
|
0-0: Fly out, F9 (Flyball, 9S)
|
Top of the 2nd over - 0 runs, 0 hits, 0 errors, 0 left on base; Phoenix Hotspur 0 - Richland 1 |
BOTTOM OF THE 2ND |
Richland Rails batting - Pitching for Phoenix Hotspur Youth : RHP Alberto Solís
|
Batting: LHB Orlando Casillas
|
0-0: Foul Ball, location: 2F 0-1: Ground out 6-3 (Groundball, 6M)
|
Batting: RHB Leon Carlisle
|
0-0: Called Strike 0-1: Ball 1-1: Ball 2-1: Ball 3-1: Called Strike 3-2: Fly out, F9 (Flyball, 9LM)
|
Batting: RHB León Preciado
|
0-0: Foul Ball, location: 2F 0-1: Swinging Strike 0-2: Strikes out swinging
|
Bottom of the 2nd over - 0 runs, 0 hits, 0 errors, 0 left on base; Phoenix Hotspur 0 - Richland 1 |
TOP OF THE 3RD |
Phoenix Hotspur Youth batting - Pitching for Richland Rails : RHP Barney Starr
|
Batting: SHB Huey Wood
|
0-0: Ball 1-0: Ball 2-0: Called Strike 2-1: Swinging Strike 2-2: Ball 3-2: Foul Ball, location: 2F 3-2: Foul Ball, location: 2F 3-2: Strikes out swinging
|
Batting: RHB Enrico Sánchez
|
0-0: Ball 1-0: Swinging Strike 1-1: Ball 2-1: Ball 3-1: Base on Balls
|
Batting: LHB António Escalante
|
0-0: Called Strike 0-1: Fly out, F8 (Flyball, 89XD)
|
Batting: RHB Solomon Norment
|
0-0: Called Strike 0-1: Foul Ball, location: 2F 0-2: Ball Enrico Sánchez steals 2nd base 1-2: Ball Wild Pitch! Enrico Sánchez to third 2-2: Ground out 6-3 (Groundball, 6S)
|
Top of the 3rd over - 0 runs, 0 hits, 0 errors, 1 left on base; Phoenix Hotspur 0 - Richland 1 |
BOTTOM OF THE 3RD |
Richland Rails batting - Pitching for Phoenix Hotspur Youth : RHP Alberto Solís
|
Batting: LHB Armando Peña
|
0-0: Called Strike 0-1: Ball 1-1: Ball 2-1: Ground out U3 (Groundball, 3)
|
Batting: RHB Christian Gentry
|
0-0: Ground out 5-3 (Groundball, 5)
|
Batting: LHB Alistair Mix
|
0-0: Foul Ball, location: 2F 0-1: Ball 1-1: Swinging Strike 1-2: Ball 2-2: Foul Ball, location: 2F 2-2: Ball 3-2: Foul Ball, location: 2F 3-2: Fly out, F7 (Line Drive, 7)
|
Bottom of the 3rd over - 0 runs, 0 hits, 0 errors, 0 left on base; Phoenix Hotspur 0 - Richland 1 |
TOP OF THE 4TH |
Phoenix Hotspur Youth batting - Pitching for Richland Rails : RHP Barney Starr
|
Batting: LHB Corey Ferguson
|
0-0: Called Strike 0-1: SINGLE (Line Drive, 4)
|
Batting: RHB Carl Tucker
|
0-0: Called Strike 0-1: Fly out, F8 (Line Drive, 8RM)
|
Batting: RHB Bernardo Rivera
|
0-0: Ball 1-0: Ball 2-0: Ball 3-0: Called Strike 3-1: Foul Ball, location: 2F 3-2: Grounds into double play, 6-4-3 (Groundball, 6)
|
Top of the 4th over - 0 runs, 1 hit, 0 errors, 0 left on base; Phoenix Hotspur 0 - Richland 1 |
BOTTOM OF THE 4TH |
Richland Rails batting - Pitching for Phoenix Hotspur Youth : RHP Alberto Solís
|
Batting: RHB Alexandre Keeping
|
0-0: Called Strike 0-1: Fly out, F9 (Flyball, 89XD)
|
Batting: RHB Scott Ramsey
|
0-0: Foul Ball, location: 2F 0-1: Ball 1-1: Foul Ball, location: 2F 1-2: Ball 2-2: Foul Ball, location: 2F 2-2: Fly out, F7 (Flyball, 7S)
|
Batting: SHB Jorge Colón
|
0-0: Foul Ball, location: 2F 0-1: Ball 1-1: Fly out, F9 (Flyball, 9LD)
|
Bottom of the 4th over - 0 runs, 0 hits, 0 errors, 0 left on base; Phoenix Hotspur 0 - Richland 1 |
TOP OF THE 5TH |
Phoenix Hotspur Youth batting - Pitching for Richland Rails : RHP Barney Starr
|
Batting: RHB Germán Alfaro
|
0-0: Called Strike 0-1: Ball 1-1: Ball 2-1: Ball 3-1: Base on Balls
|
Batting: LHB Kenny Scott
|
0-0: Bunted foul 0-1: Ball 1-1: Sac Bunt - play at first, batter OUT! 3-4 Germán Alfaro to second
|
Batting: SHB Huey Wood
|
0-0: Foul Ball, location: 2F 0-1: Ball 1-1: Foul Ball, location: 2F 1-2: Ball 2-2: Strikes out looking
|
Batting: RHB Enrico Sánchez
|
0-0: Ball 1-0: Called Strike 1-1: Fly out, F8 (Line Drive, 8LM)
|
Top of the 5th over - 0 runs, 0 hits, 0 errors, 1 left on base; Phoenix Hotspur 0 - Richland 1 |
BOTTOM OF THE 5TH |
Richland Rails batting - Pitching for Phoenix Hotspur Youth : RHP Alberto Solís
|
Batting: LHB Orlando Casillas
|
0-0: Ball 1-0: Ball 2-0: Ground out 5-3 (Groundball, 56)
|
Batting: RHB Leon Carlisle
|
0-0: Ball 1-0: Ball 2-0: Ball 3-0: Called Strike 3-1: Fly out, F6 (Line Drive, 6)
|
Batting: RHB León Preciado
|
0-0: Ball 1-0: Fly out, F4 (Line Drive, 4M)
|
Bottom of the 5th over - 0 runs, 0 hits, 0 errors, 0 left on base; Phoenix Hotspur 0 - Richland 1 |
TOP OF THE 6TH |
Phoenix Hotspur Youth batting - Pitching for Richland Rails : RHP Barney Starr
|
Batting: LHB António Escalante
|
0-0: Called Strike 0-1: Fly out, F9 (Flyball, 9)
|
Batting: RHB Solomon Norment
|
0-0: Ball 1-0: Ball 2-0: Ball 3-0: Called Strike 3-1: Base on Balls
|
Batting: LHB Corey Ferguson
|
0-0: Ball 1-0: Called Strike 1-1: Called Strike 1-2: Strikes out swinging
|
Batting: RHB Carl Tucker
|
0-0: Ball 1-0: Ball 2-0: Ball 3-0: Base on Balls Solomon Norment to second
|
Batting: RHB Bernardo Rivera
|
0-0: Ball 1-0: Called Strike 1-1: Foul Ball, location: 2F 1-2: Ball 2-2: SINGLE (Line Drive, 56D) Solomon Norment to third Carl Tucker to second Runner from 3rd tries for Home, SAFE, no throw
|
Pitching: RHP Miguel Hernández
|
|
Batting: RHB Germán Alfaro
|
0-0: Called Strike 0-1: Ball 1-1: Foul Ball, location: 2F 1-2: Strikes out looking
|
Top of the 6th over - 1 run, 1 hit, 0 errors, 2 left on base; Phoenix Hotspur 1 - Richland 1 |
BOTTOM OF THE 6TH |
Richland Rails batting - Pitching for Phoenix Hotspur Youth : RHP Alberto Solís
|
Batting: LHB Armando Peña
|
0-0: Ball 1-0: Ball 2-0: Called Strike 2-1: Ball 3-1: Base on Balls
|
Batting: RHB Christian Gentry
|
0-0: Sac Bunt - play at first, batter OUT! 5-4 Armando Peña to second
|
Batting: LHB Alistair Mix
|
0-0: Foul Ball, location: 2F 0-1: Called Strike 0-2: Fly out, F7 (Line Drive, 7)
|
Batting: RHB Alexandre Keeping
|
0-0: Ball 1-0: Swinging Strike 1-1: Ball 2-1: Ball 3-1: Base on Balls
|
Batting: RHB Scott Ramsey
|
0-0: Ball 1-0: Foul Ball, location: 2F 1-1: 3-RUN HOME RUN (Flyball, 7D), Distance : 370 ft
|
Batting: SHB Jorge Colón
|
0-0: Called Strike 0-1: Ball 1-1: Fly out, F5 (Popup, 5DF)
|
Bottom of the 6th over - 3 runs, 1 hit, 0 errors, 0 left on base; Phoenix Hotspur 1 - Richland 4 |
TOP OF THE 7TH |
Phoenix Hotspur Youth batting - Pitching for Richland Rails : RHP Miguel Hernández
|
Batting: LHB Kenny Scott
|
0-0: Ball 1-0: Called Strike 1-1: Ball 2-1: Called Strike 2-2: Strikes out swinging
|
Batting: SHB Huey Wood
|
0-0: SINGLE (Flyball, 7LS)
|
Batting: RHB Enrico Sánchez
|
0-0: Called Strike Huey Wood steals 2nd base 0-1: SINGLE (Groundball, 56D) Huey Wood to third Runner from 3rd tries for Home, SAFE, no throw
|
Batting: LHB António Escalante
|
0-0: Ball Enrico Sánchez steals 2nd base 1-0: Swinging Strike 1-1: Ball 2-1: Swinging Strike 2-2: Ball 3-2: Foul Ball, location: 2F 3-2: Strikes out swinging
|
Batting: RHB Solomon Norment
|
0-0: Called Strike 0-1: Fly out, F9 (Flyball, 9)
|
Top of the 7th over - 1 run, 2 hits, 0 errors, 1 left on base; Phoenix Hotspur 2 - Richland 4 |
BOTTOM OF THE 7TH |
Richland Rails batting - Pitching for Phoenix Hotspur Youth : RHP Alberto Solís
|
Batting: LHB Orlando Casillas
|
0-0: Called Strike 0-1: Swinging Strike 0-2: Ball 1-2: Foul Ball, location: 2F 1-2: Strikes out looking
|
Batting: RHB Leon Carlisle
|
0-0: Ball 1-0: Ball 2-0: Called Strike 2-1: Ground out 6-3 (Groundball, 6)
|
Batting: RHB León Preciado
|
0-0: Ball 1-0: Ball 2-0: Foul Ball, location: 2F 2-1: Foul Ball, location: 2F 2-2: Ball 3-2: DOUBLE (Line Drive, 78D)
|
Batting: LHB Armando Peña
|
0-0: Ball 1-0: Ball 2-0: Fly out, F8 (Flyball, 8RM)
|
Bottom of the 7th over - 0 runs, 1 hit, 0 errors, 1 left on base; Phoenix Hotspur 2 - Richland 4 |
TOP OF THE 8TH |
Phoenix Hotspur Youth batting - Pitching for Richland Rails : RHP Miguel Hernández
|
Batting: LHB Corey Ferguson
|
0-0: Ball 1-0: Called Strike 1-1: Ground out 4-3 (Groundball, 4)
|
Batting: RHB Carl Tucker
|
0-0: Ball 1-0: Called Strike 1-1: Foul Ball, location: 2F 1-2: Ball 2-2: Ball 3-2: SINGLE (Groundball, 56D)
|
Batting: RHB Bernardo Rivera
|
0-0: Ball 1-0: Fly out, F7 (Flyball, 7S)
|
Batting: RHB Germán Alfaro
|
0-0: Ball 1-0: Foul Ball, location: 2F 1-1: Called Strike 1-2: Strikes out looking
|
Top of the 8th over - 0 runs, 1 hit, 0 errors, 1 left on base; Phoenix Hotspur 2 - Richland 4 |
BOTTOM OF THE 8TH |
Richland Rails batting - Pitching for Phoenix Hotspur Youth : RHP Alberto Solís
|
Batting: RHB Christian Gentry
|
0-0: Called Strike 0-1: Ball 1-1: Ball 2-1: Ground out 6-3 (Groundball, 6S)
|
Batting: LHB Alistair Mix
|
0-0: Ball 1-0: Ball 2-0: Ball 3-0: Base on Balls
|
Batting: RHB Alexandre Keeping
|
0-0: Called Strike 0-1: Foul Ball, location: 2F 0-2: DOUBLE (Line Drive, 7LM) Alistair Mix to third
|
Pitching: LHP Cobus Reijnen
|
|
Batting: RHB Scott Ramsey
|
0-0: Intentional Walk
|
Batting: SHB Jorge Colón
|
0-0: Swinging Strike 0-1: Grounds into fielders choice 5-2 (Groundball, 5S) Alexandre Keeping to third Scott Ramsey to second
|
Batting: LHB Orlando Casillas
|
0-0: Ball 1-0: Called Strike 1-1: Ball 2-1: Fly out, F5 (Popup, 56S)
|
Bottom of the 8th over - 0 runs, 1 hit, 0 errors, 3 left on base; Phoenix Hotspur 2 - Richland 4 |
TOP OF THE 9TH |
Phoenix Hotspur Youth batting - Pitching for Richland Rails : RHP Miguel Hernández
|
Pitching: LHP Jorge Mejía
|
|
Batting: LHB Kenny Scott
|
0-0: Ball 1-0: Called Strike 1-1: Foul Ball, location: 2F 1-2: Strikes out swinging
|
Batting: SHB Huey Wood
|
0-0: Foul Ball, location: 2F 0-1: Swinging Strike 0-2: Foul Ball, location: 2F 0-2: Ball 1-2: Foul Ball, location: 2F 1-2: Strikes out swinging
|
Batting: RHB Enrico Sánchez
|
0-0: Swinging Strike 0-1: Ball 1-1: Ground out 6-3 (Groundball, 56)
|
Top of the 9th over - 0 runs, 0 hits, 0 errors, 0 left on base; Phoenix Hotspur 2 - Richland 4 |
|